 Dungeon Crawl Stone Soup version 0.29-a0-825-g72347fce65 (webtiles) character file.

Game seed: 5668785624004550468

26 Riddle the Trooper (level 2, 26/26 HPs)
             Began as a Draconian Monk on July 11, 2022.
             Quit the game on level 1 of the Dungeon.
             The game lasted 00:00:57 (1201 turns).

Riddle the Trooper (Draconian Monk)                 Turns: 1201, Time: 00:00:58

Health: 26/26      AC:  4    Str: 13    XL:     2   Next: 89%
Magic:  2/2        EV: 12    Int: 10    God:
Gold:   60         SH:  0    Dex: 13    Spells: 1/1 levels left

rFire   . . .      SeeInvis .   a - +0 falchion
rCold   . . .      Faith    .   (no shield)
rNeg    . . .      Spirit   .   (body armour unavailable)
rPois   .          Reflect  .   (helmet restricted)
rElec   .          Harm     .   c - scarf {shadows}
rCorr   .          Rampage  .   (no gloves)
Will    .....                   (no boots)
Stlth   ++........              (no amulet)
HPRegen 0.08/turn               (no ring)
MPRegen 0.08/turn               (no ring)

@: no status effects
A: AC +4, unfitting armour, cold-blooded
a: no special abilities


You were on level 1 of the Dungeon.
You visited 1 branch of the dungeon, and saw 1 of its levels.

You collected 60 gold pieces.

Inventory:

Hand Weapons
 a - a +0 falchion (weapon)
Armour
 c - a scarf of shadows (worn)
Scrolls
 d - a scroll of noise {unknown}
 h - 2 scrolls of identify {unknown}
Potions
 b - a potion of ambrosia
 e - a potion of brilliance {unknown}
 f - a potion of cancellation {unknown}
 g - 2 potions of flight {unknown}


   Skills:
 + Level 3.6 Fighting
 + Level 3.3 Long Blades
 + Level 3.0 Dodging
 + Level 2.2 Stealth


You had one spell level left.
You didn't know any spells.
Your spell library was empty.

Dungeon Overview and Level Annotations

Branches:
Dungeon (1/15)

Altars:


Innate Abilities, Weirdness & Mutations

Your plain brown scales are hard. (AC +4)
You cannot fit into any form of body armour.
You are cold-blooded and may be slowed by cold attacks.


Message History

The goblin is severely wounded.
The goblin closely misses you.
You hit the goblin but do no damage.
The goblin is severely wounded.
The goblin completely misses you. The goblin barely misses you.
There are monsters nearby!
Unknown command.
You barely miss the goblin.
The goblin is severely wounded.
The goblin hits you with a +0 club.
You closely miss the goblin.
The goblin is severely wounded.
The goblin closely misses you.
There are monsters nearby!
Unknown command.
You hit the goblin.
You kill the goblin!
Your Dodging skill increases to level 3!
You barely miss the rat. The rat closely misses you.
A rat is nearby!
Unknown command.
You barely miss the rat. The rat bites you but does no damage.
You closely miss the rat. The rat bites you but does no damage.
A rat is nearby!
Unknown command.
You hit the rat.
You kill the rat!
No target in view!
Key pressed, stopping explore.
Unknown command.
No target in view!
No target in view!
You see here a +0 club.
There is a stone staircase leading down here.
There is a dry fountain here.
There is a faded altar of an unknown god here.
There is a stone staircase leading down here.
Done exploring.
Unknown command.
Are you sure you want to abandon this character and quit the game? (Confirm with "yes".)

...#..<..#...## #.##.#
..###...###...## #..#.# .## #####
##...## ##.#.# ## #...# ##...##
#...# #####.#.######...####..# ##
......#........#..# #..# #.
..###.#.##...#.##.# #.># #.
##.#..#.##.###..#.# ##.# #.
................@.####.#########.
.###########..#####..............
..## ##..##.....#############
#..## ##..##..##### ##..##
##..##..## ##..###..##..##
##..#..##..## ##...##..##
#...#..##


There were no monsters in sight!

Vanquished Creatures
  A dart slug (D:1)
  3 bats (D:1)
  3 endoplasms (D:1)
  A giant cockroach (D:1)
  3 goblins (D:1)
  4 ball pythons (D:1)
  2 frilled lizards (D:1)
  3 kobolds (D:1)
  3 rats (D:1)
23 creatures vanquished.

Notes
Turn   | Place    | Note
-------+----------+-------------------------------------------
     0 | D:1      | Riddle the Draconian Monk began the quest for the Orb.
     0 | D:1      | Reached XP level 1. HP: 19/19 MP: 1/1
   285 | D:1      | Found a faded altar of an unknown god.
   356 | D:1      | Reached XP level 2. HP: 26/26 MP: 2/2
  1201 | D:1      | Quit the game

Illustrated notes

Levels and vault maps discovered:
D:1:      dpeg_chamrin_arrival_tetris, layout_basic,
          hellmonk_ecumenical_altar_run_dry

Skill      XL: |  1  2 |
---------------+-------+-----
Stealth        | 2 |  2.2
Dodging        | 3 |  3.0
Fighting       | |  3.6
Long Blades    | |  3.3

Action                   || total
-------------------------++-------
Melee: Falchion          ||    68
       Tailslap          ||     8
 Stab: Sleeping          ||     4
Armor: Skin              ||    15
Dodge: Dodged            ||    32

Table legend: (Time is in decaauts)
 A = Elapsed time spent in this place.
 B = Non-inter-level travel time spent in this place.
 C = Inter-level travel time spent in this place.
 D = Time resting spent in this place.
 E = Time spent auto-exploring this place.
 F = Levels seen in this place.
 G = Mean time per level.
                   A        B        C        D        E       F      G
               +--------+--------+--------+--------+--------+-----+--------+
         Total |   1212 |   1212 |      0 |      0 |   1038 |   1 | 1212.0 |
       Dungeon |   1212 |   1212 |      0 |      0 |   1038 |   1 | 1212.0 |
               +--------+--------+--------+--------+--------+-----+--------+

Top non-repeatable levels by time:
     D:1: 1212 daAuts
